 Dungeon Crawl Stone Soup version 0.32-a0-540-g866d13106e (webtiles) character file.

Game seed: 1466593081527831484

3130 ezpacito the Trooper (level 9, 0/68 HPs)
             Began as a Demonspawn Chaos Knight on Feb 28, 2024.
             Was a Plaything of Xom.
             Slain by a howler monkey (4 damage)
             ... on level 5 of the Dungeon.
             The game lasted 00:09:40 (4669 turns).

ezpacito the Trooper (Demonspawn Chaos Knight)      Turns: 4669, Time: 00:09:40

Health: 0/68       AC: -1    Str: 16    XL:     9   Next: 61%
Magic:  14/14      EV: 13    Int: 15    God:    Xom [......]
Gold:   310        SH:  4    Dex: 15    Spells: 0/15 levels left

rFire   . . .        a - +0 hand axe (chaos)
rCold   . . .        x - +0 buckler
rNeg    . . .        v - +1 chain mail {rPois}
rPois   +            (helmet restricted)
rElec   +            (no cloak)
rCorr   .            (no gloves)
SInv    .            (no boots)
Will    .....        (no amulet) Stlth
                     h - +5 ring of evasion
HPRegen 0.31/turn    (no ring)
MPRegen 0.14/turn

%: no passive effects
@: corroded
A: powered by pain 1, demonic magic 1, demonic touch 1, horns 1, agile 1, clever
1, deformed body, mutation resistance 1, electricity resistance, wild magic 2,
no potion heal 1
a: Renounce Religion


You were on level 5 of the Dungeon.
You worshipped Xom.
You were a very special plaything of Xom.
You visited 2 branches of the dungeon, and saw 7 of its levels.

You collected 310 gold pieces.

Inventory:

Hand Weapons
 a - a +0 hand axe of chaos (weapon)
 z - a +1 war axe
Armour
 v - a +1 chain mail of poison resistance (worn)
 x - a +0 buckler (worn)
 A - a +0 plate armour
Magical Staves
 l - a staff of conjuration
Jewellery
 h - a +5 ring of evasion (left hand)
Talismans
 D - a blade talisman
Wands
 k - a wand of charming (9)
 p - a wand of digging (9)
 u - a wand of flame (35)
 y - a wand of mindburst (3)
Scrolls
 b - a scroll of fog
 d - a scroll of immolation
 o - 2 scrolls of silence
Potions
 c - a potion of enlightenment
 n - 2 potions of magic
 C - a potion of lignification


   Skills:
 * Level 5.4 Fighting
 * Level 4.8(5.1) Axes
 + Level 2.5(4.0) Polearms
 * Level 4.3 Armour
 * Level 4.1 Dodging
 + Level 3.0 Stealth
 + Level 1.8 Shields
 * Level 4.1 Unarmed Combat
 * Level 3.9 Spellcasting
 + Level 2.1 Conjurations
 + Level 2.1 Hexes
 * Level 3.7 Necromancy
 + Level 2.1 Evocations


You couldn't memorise any spells.
You knew the following spells:

 Your Spells              Type           Power      Damage    Failure   Level
a - Confusing Touch       Hex            15%        N/A       99%         3
b - Sigil of Binding      Hex            15%        N/A       99%         3
c - Vampiric Draining     Necr           22%        2d7       94%         3
d - Starburst             Conj/Fire      4%         6d4       100%        6

Your spell library contained the following spells:

 Spells                   Type           Power      Damage    Failure   Level
 Slow                     Hex            60%        N/A       87%         1
 Dazzling Flash           Conj/Hex       30%        N/A       99%         3
 Volatile Blastmotes      Fire/Tloc      8%         2d10      100%        3
 Maxwell's Capacitive Co  Air            2%         ∞         100%        8


Dungeon Overview and Level Annotations

Branches:
Dungeon (6/15)             Temple (1/1) D:4

Altars:
Ashenzari
Dithmenos
Fedhas
Gozag
Kikubaaqudgha
Makhleb
Nemelex Xobeh
Okawaru
Qazlal
Ru
Sif Muna
Trog
Uskayaw
Vehumet
Yredelemnul


Innate Abilities, Weirdness & Mutations

You sometimes gain a little power by taking damage.
Spells you cast may paralyse adjacent enemies.
Your touch may inflict minor irresistible damage on your foes.
You have a pair of small horns on your head.
You are agile. (Dex +4, Str/Int -1)
Your mind is acute. (Int +4, Str/Dex -1)
Armour fits poorly on your strangely shaped body.
You are somewhat resistant to further mutation.
You are resistant to electric shocks. (rElec)
Your spells are harder to cast, but more powerful.
Potions are less effective at restoring your health.


Message History

The howler monkey barely misses you. The hound bites you.
* * * LOW HITPOINT WARNING * * *
The hound bites you.
* * * LOW HITPOINT WARNING * * *
The hound attacks as it pursues you! The hound misses you.
The howler monkey closely misses you. The hound attacks as it pursues you!
The hound misses you.
The howler monkey attacks as it pursues you!
The howler monkey closely misses you. The hound misses you.
The hound attacks as it pursues you! You block the hound's attack.
The howler monkey attacks as it pursues you!
You block the howler monkey's attack.
The howler monkey hoots and howls with incredible vigour!
The hound bites you.
* * * LOW HITPOINT WARNING * * *
The hound bites you.
* * * LOW HITPOINT WARNING * * *
The howler monkey hoots and howls with incredible vigour!
The hound closely misses you.
Your system partially rejects the healing.
You feel much better. The hound bites you.
* * * LOW HITPOINT WARNING * * *
The hound bites you.
* * * LOW HITPOINT WARNING * * *
The howler monkey hoots and howls with incredible vigour!
The hound closely misses you.
There is an open door here.
You closely miss the hound.
You headbutt the hound, but do no damage.
The hound closely misses you.
You hit the hound.
The hound is poisoned.
The hound is lightly wounded.
You hit the howler monkey. You freeze the howler monkey.
Xom complains about the scenery.
A door slams shut!
The hound bites you.
* * * LOW HITPOINT WARNING * * *
The howler monkey barely misses you. You block the hound's attack.
The howler monkey hits you.
You die...

.#...........# #.....#
.'...........# #.....#
.#...........# #.....#
##...........########.....#
.....##'#..........#......#
.....#..'.......#..#......#
.....#..#.......#..#......#
.....#..#.......#..#..††..#
.....#..#....)..@h.####÷###
.....####.......#h.##....#
#....#..#.......#..##....#
#....#..#.......#...+....#
#....'..#.......#..##....#
#....#..#.......#..#######
#...(#..#.......#...#
'....#..#.......#...#
#....#..#.......#..##


You could see a howler monkey and a hound (very poisoned).

Vanquished Creatures
  A two-headed ogre (D:5)
  Pikel (D:5)
  A troll (D:5)
  Sigmund (D:3)
  Edmund (D:5)
  2 black bears (D:5)
  2 ogres
  A centaur (D:5)
  A phantom (D:3)
  4 scorpions (D:5)
  A howler monkey (D:5)
  3 orc priests
  3 jellies
  5 hounds
  A gnoll bouda (D:5)
  Ijyb (D:3)
  5 iguanas
  An orc wizard (D:5)
  8 gnolls
  10 adders
  4 dart slugs
  13 orcs
  7 ball pythons
  8 endoplasms
  A giant cockroach (D:2)
  9 goblins
  8 hobgoblins
  7 jackals
  7 quokkas
  4 bats
  A frilled lizard (D:2)
  4 kobolds
  3 rats
129 creatures vanquished.

Vanquished Creatures (collateral kills)
  A lemure (D:5)
  An adder (D:5)
  An orc (D:5)
3 creatures vanquished.

Vanquished Creatures (others)
  A water moccasin (D:5)
  A goblin (D:2)
  A ball python (D:2)
3 creatures vanquished.

Grand Total: 135 creatures vanquished

Notes
Turn   | Place    | Note
-------+----------+-------------------------------------------
     0 | D:1      | ezpacito the Demonspawn Chaos Knight began the quest for
                  | the Orb.
     0 | D:1      | Reached XP level 1. HP: 18/18 MP: 1/1
   204 | D:1      | Reached skill level 1 in Dodging
   209 | D:1      | XOM: silly message
   213 | D:1      | Gained mutation: You sometimes gain a little power by
                  | taking damage. [demonic ancestry]
   213 | D:1      | Reached XP level 2. HP: 24/24 MP: 2/2
   240 | D:1      | XOM: silly message
   241 | D:1      | XOM: 2-stop teleportation journey
   261 | D:1      | XOM: divination: detect items
   445 | D:1      | XOM: silly message
   637 | D:2      | Reached skill level 1 in Unarmed Combat
   644 | D:2      | Reached XP level 3. HP: 26/29 MP: 2/4
   665 | D:2      | XOM: confuse monster(s)
   666 | D:2      | Reached skill level 1 in Spellcasting
   669 | D:2      | Gained mutation: Your touch may inflict minor irresistible
                  | damage on your foes. [demonic ancestry]
   669 | D:2      | Reached XP level 4. HP: 22/35 MP: 5/5
   816 | D:2      | XOM: silly message
   897 | D:2      | XOM: cast spell 'Discord'
  1009 | D:2      | XOM: give mutations
  1009 | D:2      | Gained mutation: Armour fits poorly on your strangely
                  | shaped body. [Xom's mischief]
  1009 | D:2      | Gained mutation: Potions are less effective at restoring
                  | your health. [Xom's mischief]
  1009 | D:2      | Gained mutation: You have a pair of small horns on your
                  | head. [Xom's mischief]
  1141 | D:3      | Reached skill level 1 in Stealth
  1163 | D:3      | Reached XP level 5. HP: 38/41 MP: 5/7
  1293 | D:3      | Noticed Ijyb
  1305 | D:3      | Killed Ijyb
  1348 | D:3      | Noticed a phantom
  1348 | D:3      | XOM: 4-stop teleportation journey
  1367 | D:3      | XOM: give mutations
  1367 | D:3      | Gained mutation: Your spells are a little harder to cast,
                  | but a little more powerful. [Xom's grace]
  1367 | D:3      | Gained mutation: You are agile. (Dex +4, Str/Int -1) [Xom's
                  | grace]
  1444 | D:3      | Reached skill level 1 in Polearms
  1496 | D:3      | Noticed Sigmund
  1500 | D:3      | XOM: fog
  1501 | D:3      | XOM: cast spell 'Metabolic Englaciation'
  1512 | D:3      | Killed Sigmund
  1513 | D:3      | Reached XP level 6. HP: 40/48 MP: 7/9
  1567 | D:3      | XOM: 2-stop teleportation journey
  1608 | D:3      | Reached skill level 4 in Fighting
  1641 | D:3      | XOM: cloud trail
  1918 | D:3      | Found a broken altar of Ashenzari.
  1986 | D:3      | Learned a level 3 spell: Confusing Touch
  1990 | D:3      | Learned a level 3 spell: Sigil of Binding
  1994 | D:3      | Learned a level 3 spell: Vampiric Draining
  2009 | D:4      | XOM: silly message
  2016 | D:4      | Reached XP level 7. HP: 53/54 MP: 10/10
  2018 | D:4      | Found an ancient bone altar of Kikubaaqudgha.
  2070 | D:4      | Found a staircase to the Ecumenical Temple.
  2081 | D:4      | XOM: cloud trail
  2083 | Temple   | Entered the Ecumenical Temple
  2279 | D:4      | Found a blossoming altar of Fedhas.
  2502 | D:4      | Reached skill level 1 in Necromancy
  2750 | D:5      | Entered Level 5 of the Dungeon
  2943 | D:5      | XOM: summons 4 hostile demons
  2950 | D:5      | Noticed Edmund
  2950 | D:5      | XOM: 1-stop teleportation journey
  2957 | D:5      | Killed Edmund
  3027 | D:5      | XOM: chaos cloud
  3039 | D:5      | Reached skill level 1 in Hexes
  3039 | D:5      | Reached skill level 1 in Evocations
  3039 | D:5      | Gained mutation: Spells you cast may paralyse adjacent
                  | enemies. [demonic ancestry]
  3039 | D:5      | Reached XP level 8. HP: 36/61 MP: 12/12
  3048 | D:5      | XOM: 2-stop teleportation journey
  3208 | D:5      | Reached skill level 1 in Conjurations
  3208 | D:5      | XOM: chaos upgrade
  3215 | D:5      | XOM: summons 2 friendly demons
  3220 | D:5      | Noticed Pikel
  3227 | D:5      | Reached skill level 1 in Shields
  3227 | D:5      | HP: 3/61 [lemure[Pikel] (10)]
  3229 | D:5      | XOM: fake destruction
  3231 | D:5      | XOM: summons friendly white imp
  3444 | D:5      | XOM: confuse monster(s)
  3450 | D:5      | Killed Pikel
  3452 | D:5      | Noticed a two-headed ogre
  3472 | D:5      | Killed a two-headed ogre
  3473 | D:5      | Reached skill level 5 in Fighting
  3473 | D:5      | Reached XP level 9. HP: 35/68 MP: 12/14
  3656 | D:5      | XOM: give mutations
  3656 | D:5      | Gained mutation: Your mind is acute. (Int +4, Str/Dex -1)
                  | [Xom's grace]
  3656 | D:5      | Gained mutation: You are resistant to electric shocks.
                  | (rElec) [Xom's grace]
  3656 | D:5      | Gained mutation: You are somewhat resistant to further
                  | mutation. [Xom's grace]
  3656 | D:5      | Gained mutation: Your spells are harder to cast, but more
                  | powerful. [Xom's grace]
  4026 | D:5      | XOM: silly message
  4177 | D:5      | Noticed a troll
  4184 | D:5      | Killed a troll
  4534 | D:5      | Learned a level 6 spell: Starburst
  4572 | D:6      | XOM: 1-stop teleportation journey
  4655 | D:5      | XOM: swap monsters
  4663 | D:5      | HP: 1/68 [hound (4)]
  4669 | D:5      | XOM: scenery: 1 doors close
  4669 | D:5      | Slain by a howler monkey

Illustrated notes

Levels and vault maps discovered:
D:1:      minmay_arrival_checkered_box, layout_basic
D:2:      layout_rooms, chequers_serial_rivers_room_b, minmay_pentomino_x4
D:3:      layout_loops_ring, cheibrodos_ashenzari_chains, st_stairs_8,
          uniq_ijyb, uniq_sigmund
D:4:      layout_basic, fedhas_altar_1, lemuel_crystal_altar,
          minmay_temple_entry_statues_pillars
D:5:      cheibrodos_fzero, layout_gridville, uniq_edmund, uniq_pikel
D:6:      layout_cave_pods, mainiacjoe_overflow_catwalk,
          gup_ossuary_entry_pyramid, chequers_decorated_corner,
          minmay_microvault
Temple:   zaba_magenta_temple

Skill      XL: |  1  2  3  4  5  6  7  8  9 |
---------------+----------------------------+-----
Dodging        | 1 2 3 4 |  4.1
Unarmed Combat | 1 2 3 4 |  4.1
Armour         | 2 3 4 |  4.3
Spellcasting   | 1 2 3 |  3.9
Axes           | 3 4 |  4.8
Stealth        | 1 2 3 |  3.0
Polearms       | 1 2 |  2.5
Fighting       | 4 5 |  5.4
Necromancy     | 1 3 |  3.7
Hexes          | 1 2 |  2.1
Evocations     | 1 2 |  2.1
Conjurations   | 1 2 |  2.1
Shields        | 1 |  1.8

Action                     |  1- 3 |  4- 6 |  7- 9 || total
---------------------------+-------+-------+-------++-------
  Melee: Hand axe          |    55 |   123 |   258 ||   436
         Headbutt          |       |    22 |    48 ||    70
         Touch             |       |    15 |       ||    15
  Evoke: Wand              |       |       |    16 ||    16
    Use: Potion            |     1 |     1 |     8 ||    10
         Scroll            |       |     3 |    15 ||    18
   Stab: Invisible         |     5 |       |       ||     5
         Sleeping          |     1 |     3 |     1 ||     5
         Confused          |       |     1 |     1 ||     2
         Paralysed         |       |       |     1 ||     1
 Armour: Leather armour    |    17 |    50 |   137 ||   204
         Chain mail        |       |       |    17 ||    17
  Dodge: Dodged            |    46 |    95 |   281 ||   422
  Block: Buckler           |       |       |    75 ||    75

Table legend: (Time is in decaauts)
 A = Elapsed time spent in this place.
 B = Non-inter-level travel time spent in this place.
 C = Inter-level travel time spent in this place.
 D = Time resting spent in this place.
 E = Time spent auto-exploring this place.
 F = Levels seen in this place.
 G = Mean time per level.
                   A        B        C        D        E       F      G
               +--------+--------+--------+--------+--------+-----+--------+
         Total |   4733 |   4624 |    109 |    378 |   3182 |   7 |  676.1 |
       Dungeon |   4731 |   4622 |    109 |    378 |   3182 |   6 |  788.5 |
        Temple |      1 |      1 |      0 |      0 |      0 |   1 |    1.0 |
               +--------+--------+--------+--------+--------+-----+--------+

Top non-repeatable levels by time:
     D:5: 1603 daAuts
     D:4: 983 daAuts
     D:3: 882 daAuts
     D:1: 623 daAuts
     D:2: 524 daAuts
     D:6: 114 daAuts
  Temple: 1 daAuts
